 BcadrenCrawl: Boulder Brew version 0.04.21-209-g19e16bb646 (webtiles) character file.

Game seed: 14441179061190471824, levelgen mode: deterministic

151 st0uf the Twirler (level 5, 0/45 HPs) Immature Draconian Gladiator. Began on May 25, 2021. Slain by Purgy (2 damage) ... on level 1 of the Dungeon. The game lasted 00:06:55 (1234 turns).

st0uf the Twirler (Immature Draconian Gladiator)    Turns: 1234, Time: 00:06:56

Health: 0/45       AC:  9    Str: 17    XL:     5 ^: 163
Magic:  8/8        EV: -2    Int:  8    God:
Gold:   79         SH:  0    Dex: 13    Spells: 8/8 levels left

rFire    . . .     Vision   .   a - +0 quarterstaff
rCold    . . .     Gourm    .   (also wielding the above weapon)
rNeg     . . .     Faith    .   b - +0 leather armour
rPois    .         Spirit   .   c - +0 hat
rElec    .         Reflect  .   (no cloak)
rCorr    .         Harm     .   (no gloves)
MR       .....                  (no boots)
Stlth    ..........             (no amulet)
HPRegen  0.25/turn              (no ring)
MPRegen  0.18/turn              (no ring)

@: no status effects
A: cold-blooded, AC +6
a: Breathe Dart


You were on level 1 of the Dungeon.
You were not hungry.

You visited 1 branch of the dungeon, and saw 2 of its levels.

You collected 79 gold pieces.

Inventory:

Weapons
 a - a +0 quarterstaff (weapon) Shields
 g - a +2 heater shield of reflection
Armour
 b - a +0 leather armour (worn)
 c - a +0 hat (worn)
Jewellery
 j - a cursed amulet of the gourmand {(Curse: *Corrode)}
Wands
 d - a wand of ensnaring (9)
Scrolls
 e - 2 scrolls of fog
 h - a scroll of amnesia
 i - a scroll of blinking
 k - a scroll of enchantment
Potions
 l - a potion of invisibility
 m - a potion of berserk rage
Comestibles
 f - 4 rations
 n - 5 chunks of flesh


   Skills:
 + Level 3.3 Fighting
 + Level 3.4 Maces & Staves
 + Level 3.0 Dodging
 * Level 2.1 Spellcasting
 * Level 2.7 Evocations


You had 8 spell levels left.
You didn't know any spells.
Your spell library was empty.

Dungeon Overview and Level Annotations

Branches:
Dungeon (2/8)

Altars:

Shops:
D:2 ?

Annotations:
D:1 Purgy


Innate Abilities, Weirdness & Mutations

Your plain brown scales are resilient. (AC +6)
You can breathe rudimentary magical darts.
You are cold-blooded and are slowed more easily by cold attacks.


Message History

The sewer rat bites you but does no damage.
Purgy bites you (7)! Purgy claws you (4).
* * * LOW HITPOINT WARNING * * *
Purgy claws you but does no damage.
You closely miss Purgy. The sewer rat bites you (4).
* * * LOW HITPOINT WARNING * * *
Purgy bites you (1).
* * * LOW HITPOINT WARNING * * *
Purgy claws you but does no damage. x2
The sewer rat bites you but does no damage.
You closely miss Purgy. Purgy bites you but does no damage.
Purgy claws you but does no damage. x2
The sewer rat bites you but does no damage.
You closely miss Purgy. Purgy bites you (2).
* * * LOW HITPOINT WARNING * * *
Purgy claws you but does no damage. x2; The sewer rat bites you (3).
* * * LOW HITPOINT WARNING * * *
You closely miss Purgy. Purgy bites you but does no damage.
Purgy claws you (2).
You die...

#..........#.#
##.######.##.#
#.######..#)######
#................#
#########...####.#
##..# #.# #..# #.#
##r####.# #@T....#
######## # ## .##
..## ...##


You could see Purgy and a sewer rat.

Vanquished Creatures
  A crocodile (D:2)
  2 giant cockroaches (D:2)
  A worm (D:2)
  2 cinder newts
  An ooze (D:2)
  A dart slug (D:1)
  3 leopard geckos
  2 ball pythons (D:2)
  6 bats
  4 goblins (D:1)
  A hobgoblin (D:1)
  6 kobolds (D:1)
  3 rats (D:1)
  3 withered plants (D:2)
36 creatures vanquished.

Vanquished Creatures (others)
  3 sewer rats (D:2)
  2 kobolds (D:2)
  3 giant blowflies (D:2)
  2 slimeheads (D:2)
  43 withered plants (D:2)
53 creatures vanquished.

Grand Total: 89 creatures vanquished

Notes
Turn   | Place    | Note
-------+----------+-------------------------------------------
     0 | D:1      | st0uf the Immature Draconian Gladiator began the quest for
                  | the Orb.
     0 | D:1      | Reached XP level 1. HP: 18/18 MP: 2/2
   126 | D:1      | Reached XP level 2. HP: 20/25 MP: 3/3
   222 | D:1      | Reached skill level 1 in Spellcasting
   300 | D:1      | Reached XP level 3. HP: 29/30 MP: 4/4
   878 | D:2      | Found Gyestraad's Magic Scroll Emporium.
   916 | D:2      | Reached XP level 4. HP: 37/37 MP: 4/6
  1054 | D:2      | Noticed a crocodile
  1059 | D:2      | Killed a crocodile
  1059 | D:2      | Reached XP level 5. HP: 6/45 MP: 6/8
  1174 | D:2      | Noticed Purgy
  1233 | D:1      | HP: 2/45 [sewer rat (3)]
  1234 | D:1      | Slain by Purgy

Levels and vault maps discovered:
D:1:      dpeg_arrival_lava_temple_mockup, layout_basic
D:2:      layout_sewer, vehumet_crystals, nicolae_ru_awakened_eye,
          gammafunk_temple_overflow_forgotten, bcadren_sewer_center_circle,
          first_ration, serial_shops, shop, lemuel_old_faithful

Skill      XL: |  1  2  3  4 |
---------------+-------------+-----
Spellcasting   | 1 2 |  2.1
Maces & Staves | 3 |  3.4
Fighting       | 3 |  3.3
Dodging        | 3 |  3.0
Evocations     | |  2.7

Action                   |  1- 3 |  4- 6 || total
-------------------------+-------+-------++-------
Melee: Quarterstaff      |   200 |    25 ||   225
       Tailslap          |       |     1 ||     1
  Eat: Chunk             |     1 |     1 ||     2
Armor: Leather armour    |   210 |    42 ||   252
